 Dungeon Crawl Stone Soup version 0.21-a0-278-ga722497 (webtiles) character file.

401 tidbits the Grave Robber (level 6, -17/45 HPs)
             Began as a Draconian Necromancer on Sept 22, 2017.
             Demolished by an ogre
             ... wielding a +0 giant club
              (24 damage)
             ... on level 5 of the Dungeon.
             The game lasted 00:15:19 (2165 turns).

tidbits the Grave Robber (Draconian Necromancer)    Turns: 2165, Time: 00:15:21

Health: -17/45     AC:  6    Str: 15    XL:     6   Next: 54%
Magic:  1/12       EV: 12    Int: 17    God:
Gold:   101        SH:  0    Dex: 12    Spells: 5/13 levels left

rFire    . . .     SeeInvis .   c - +0 dagger
rCold    . . .     Gourm    .   (no shield)
rNeg     . . .     Faith    .   (armour unavailable)
rPois    .         Spirit   .   (helmet restricted)
rElec    .         Reflect  .   (no cloak)
rCorr    +         Harm     .   (no gloves)
MR       .....                  (no boots)
Stlth    ++........             (no amulet)
HPRegen  0.15/turn              K - ring of resist corrosion
MPRegen  0.13/turn              (no ring)

@: mighty
A: unfitting armour, cold-blooded, AC +6
a: no special abilities


You were on level 5 of the Dungeon.
You were not hungry.

You visited 1 branch of the dungeon, and saw 6 of its levels.

You collected 101 gold pieces.

Inventory:

Hand Weapons
 c - a +0 dagger (weapon)
 d - a +0 club
 u - a +0 flail
Missiles
 g - 45 arrows
 t - a throwing net (quivered) {!f}
Jewellery
 n - an uncursed amulet of rage
   (You took it off an orc on level 5 of the Dungeon)
 K - a ring of resist corrosion (left hand)
   (You found it on level 3 of the Dungeon)
Wands
 r - a wand of iceblast (7/15)
 s - a wand of iceblast (3/15)
 v - a wand of iceblast (13/15)
 w - a wand of confusion (20/48)
Scrolls
 e - a scroll of blinking {unknown}
 k - a scroll of teleportation {unknown}
 l - a scroll of immolation {unknown}
 m - 3 scrolls of amnesia
 o - a scroll of fear
Potions
 j - a potion of agility
 p - a potion of heal wounds
 q - a potion of curing
Books
 a - a book of Necromancy

   Spells                             Type                      Level
   a - Pain                           Necromancy                   1
   b - Animate Skeleton               Necromancy                   1
   c - Vampiric Draining              Necromancy                   3
   d - Regeneration                   Charms/Necromancy            3
   e - Animate Dead                   Necromancy                   4
   f - Control Undead                 Necromancy                   4
 i - a book of Cantrips
   (You found it on level 3 of the Dungeon)

   Spells                             Type                      Level
   a - Confusing Touch                Hexes                        1
   b - Animate Skeleton               Necromancy                   1
   c - Summon Small Mammal            Summoning                    1
   d - Apportation                    Translocation                1
Comestibles
 b - 4 bread rations
 f - 2 meat rations
 h - 3 royal jellies
 x - 2 chunks of flesh


   Skills:
 - Level 1.7 Dodging
 - Level 1.7 Stealth
 + Level 4.0 Spellcasting
 * Level 6.8 Necromancy


You had 5 spell levels left.
You knew the following spells:

 Your Spells              Type           Power        Failure   Level  Hunger
n - Animate Skeleton      Necr           N/A          1%          1    None
r - Regeneration          Chrm/Necr      ###.......   12%         3    ###....
v - Vampiric Draining     Necr           ####......   2%          3    ###....
z - Pain                  Necr           ####         1%          1    None


Dungeon Overview and Level Annotations

Branches:
Dungeon (6/15)
 Temple: D:4-7

Altars:
Makhleb
Okawaru
Ru


Innate Abilities, Weirdness & Mutations

Your plain brown scales are hard. (AC +6)
You cannot fit into any form of body armour.
You are cold-blooded and may be slowed by cold attacks.


Message History

Confirm with . or Enter, or press ? or * to list all spells.
Aiming: Pain
Press: ? - help, Shift-Dir - straight line, f/p - orc
Aim: an orc (heavily wounded, chance to defeat MR: 93%)
The orc writhes in agony!
You kill the orc!
Casting: Pain
Confirm with . or Enter, or press ? or * to list all spells.
Aiming: Pain
Press: ? - help, Shift-Dir - straight line, f - orc
Aim: an orc, wielding a dagger (chance to defeat MR: 93%)
The orc writhes in agony!
You kill the orc!
The orc hits you but does no damage.
A quokka comes into view.
You hit the orc.
The orc is lightly wounded.
The orc hits you.
Your jackal skeleton bites the orc but does no damage.
The orc closely misses your jackal skeleton.
Your jackal skeleton closely misses the orc.
The orc evokes its amulet.
The orc goes berserk!
Your jackal skeleton completely misses the orc.
The orc hits your jackal skeleton with a club.
Your jackal skeleton bites the orc but does no damage.
You hear a shout! x2
You feel very mighty all of a sudden. The orc barely misses you.
The orc barely misses your jackal skeleton.
Your jackal skeleton barely misses the orc.
You hit the orc.
Your tail-slap misses the orc.
The orc is moderately wounded.
The orc hits you.
The orc hits your jackal skeleton with a club.
Your jackal skeleton is destroyed!
The orc misses you.
You puncture the orc!
You kill the orc!
You barely miss the orc.
The orc is lightly wounded.
The orc barely misses you.
A hobgoblin comes into view. It is wielding a hunting sling.
The hobgoblin shouts!
You hit the orc.
The orc is almost dead.
You hear a shout!
The quokka bites you. The orc hits you with a club.
You hit the orc.
You kill the orc!
The quokka bites you.
You closely miss the quokka.
The quokka bites you but does no damage.
A worm comes into view.
You puncture the quokka!
You kill the quokka!
The hobgoblin shoots a sling bullet.
The sling bullet closely misses you.
A goblin comes into view. It is wielding a hunting sling.
The hobgoblin shoots a sling bullet.
The sling bullet closely misses you.
You see here an amulet of rage.
The hobgoblin unwields an uncursed hunting sling.
The hobgoblin closely misses you.
An ogre comes into view. It is wielding a giant club.
The ogre shouts!
You hit the hobgoblin.
The hobgoblin is heavily wounded.
You puncture the hobgoblin!
You kill the hobgoblin!
The goblin shoots a stone.
The stone hits you.
Things that are here:
a stone; an amulet of rage
n - an amulet of rage The goblin shoots a stone.
The stone barely misses you.
The goblin shoots a stone.
The stone barely misses you.
You hit the worm.
Your tail-slap misses the worm.
The worm is moderately wounded.
You barely miss the worm.
Your tail-slap misses the worm.
The worm is moderately wounded.
The goblin shoots a stone.
The stone closely misses you. The worm bites you!
A goblin comes into view. It is wielding a hunting sling.
The goblin shouts!
You puncture the worm! You tail-slap the worm!
You kill the worm!
The goblin shoots a stone.
The stone hits you.
* * * LOW HITPOINT WARNING * * *
The goblin shoots a stone.
The stone barely misses you.
A goblin comes into view. It is wielding a hunting sling.
You see here a stone.
Casting: Pain
Confirm with . or Enter, or press ? or * to list all spells.
Aiming: Vampiric Draining
Press: ? - help, Shift-Dir - straight line, f - ogre
Aim: an ogre, wielding a giant club The ogre is moderately wounded.
You feel life coursing into your body. The ogre hits you with a giant club!
* * * LOW HITPOINT WARNING * * *
You puncture the ogre!
The ogre is severely wounded.
The ogre hits you with a giant club!!
Ouch! That really hurt!
You die...

.g.............# #.....
...............####.....
.....)...).....#........
.................##.....
........)(..............
.......†(..............#
%...###g(...............
... . #O#(......†.......
.. ..#@##..............
. #....................
#....................
#.................... .#
#.......#<...........
...
##.......#####...##...
#.##.........# #.#..#...
#..#.........# .#......
#............## .#.##...


You could see an ogre and a goblin.

Vanquished Creatures
  A sky beast (D:5)
  A bullfrog (D:4)
  A hound (D:3)
  A worker ant zombie (D:5)
  8 gnolls (D:3)
  4 adders
  A worm (D:5)
  2 dart slugs
  5 leopard geckos
  8 orcs
  2 giant cockroaches (D:1)
  4 goblins
  6 hobgoblins
  3 jackals (D:5)
  4 quokkas
  4 ball pythons
  5 bats
  5 frilled lizards
  3 kobolds
  9 rats
77 creatures vanquished.

Vanquished Creatures (collateral kills)
  A dart slug (D:3)
  A giant cockroach (D:3)
  2 goblins (D:3)
  A frilled lizard (D:3)
  A rat (D:3)
6 creatures vanquished.

Grand Total: 83 creatures vanquished

Notes
Turn   | Place    | Note
-------+----------+-------------------------------------------
     0 | D:1      | tidbits the Draconian Necromancer began the quest for the Orb.
     0 | D:1      | Reached XP level 1. HP: 14/14 MP: 3/3
   134 | D:1      | Reached XP level 2. HP: 13/20 MP: 0/5
   260 | D:1      | Learned a level 1 spell: Animate Skeleton
   772 | D:2      | Reached XP level 3. HP: 18/26 MP: 2/6
   777 | D:2      | Learned a level 3 spell: Vampiric Draining
   927 | D:2      | Found a sacrificial altar of Ru.
  1011 | D:2      | Found a faded altar of an unknown god.
  1199 | D:3      | Reached skill level 5 in Necromancy
  1345 | D:3      | Reached XP level 4. HP: 19/33 MP: 1/8
  1386 | D:3      | Learned a level 3 spell: Regeneration
  1486 | D:3      | Found a burning altar of Makhleb.
  1486 | D:3      | Found an iron altar of Okawaru.
  1502 | D:3      | Reached skill level 3 in Spellcasting
  1579 | D:3      | Reached XP level 5. HP: 38/38 MP: 1/9
  1703 | D:3      | Reached skill level 6 in Necromancy
  1886 | D:4      | You fall through a shaft for 2 floors!
  1920 | D:6      | Noticed a sky beast
  1924 | D:5      | Entered Level 5 of the Dungeon
  2022 | D:5      | Noticed a sky beast
  2035 | D:5      | Killed a sky beast
  2035 | D:5      | Reached XP level 6. HP: 29/45 MP: 1/11
  2117 | D:4      | Reached skill level 4 in Spellcasting
  2165 | D:5      | Demolished by an ogre

Vault maps used:
D:1:      onia_arrival_handbag
D:2:      chequers_ecumenical_altar_simple_redux, nicolae_ru_path_of_blood
D:3:      kennysheep_big_flooded_room, gammafunk_temple_overflow_wave,
          kennysheep_generic_room_4
D:4:      nemelex_xobeh_ov_fountains_minmay, portal_sewer_entry_b, serial_shops,
          kennysheep_little_box, shop, serial_bayou_crossing, uniq_edmund
D:5:      minmay_goblin_kobold_castle, first_bread, kennysheep_generic_room_7
D:6:      lemuel_doored_altar, temple_garden, cheibrodos_ashenzari_chains,
          uniq_crazy_yiuf_cottage, uniq_eustachio

Skill      XL: |  1  2  3  4  5  6 |
---------------+-------------------+-----
Necromancy     | 5 6 |  6.8
Spellcasting   | 3 4 |  4.0
Dodging        | |  1.7
Stealth        | |  1.7

Action                   |  1- 3 |  4- 6 || total
-------------------------+-------+-------++-------
Melee: Unarmed           |     9 |       ||     9
       Tailslap          |     1 |     9 ||    10
       Dagger            |       |    55 ||    55
 Cast: Pain              |    74 |    51 ||   125
       Animate Skeleton  |     5 |     6 ||    11
       Vampiric Draining |     2 |     7 ||     9
       Regeneration      |       |     3 ||     3
Evoke: Wand              |       |     3 ||     3
  Use: Scroll            |     5 |     4 ||     9
       Potion            |       |     1 ||     1
 Stab: Sleeping          |     1 |       ||     1
  Eat: Chunk             |     4 |     4 ||     8
Armor: Skin              |    11 |    16 ||    27
Dodge: Dodged            |    14 |    50 ||    64

Table legend:
 A = Spawn XP
 B = Non-spawn XP
 C = Spawn XP percentage of total XP
 D = Spawn monster count
 E = Non-spawn monster count
 F = Spawn count percentage of total count
 G = Total turns spent on level
                    A         B        C        D         E        F      G
               +---------+---------+-------+---------+---------+-------+---------
         Total |       0 |     573 |   0.0 |       0 |      83 |   0.0 |  2165
               +---------+---------+-------+---------+---------+-------+---------
           D:1 |       0 |      28 |   0.0 |       0 |      19 |   0.0 |   543
           D:2 |       0 |      48 |   0.0 |       0 |      16 |   0.0 |   642
           D:3 |       0 |     226 |   0.0 |       0 |      32 |   0.0 |   686
           D:4 |       0 |      97 |   0.0 |       0 |       1 |   0.0 |    22
           D:5 |       0 |     174 |   0.0 |       0 |      15 |   0.0 |   234
               +---------+---------+-------+---------+---------+-------+---------

Table legend:
 A = Turns spent in this place as a percentage of turns spent in the entire game.
 B = Non-inter-level travel turns spent in this place as a percentage of non-inter-level travel turns spent in the entire game.
 C = Inter-level travel turns spent in this place as a percentage of turns spent in this place.
 D = Turns resting spent in this place as a percentage of non-inter-level travel turns spent in this place.
 E = Turns spent auto-exploring this place as a percentage of non-inter-level travel turns spent in this place.
 F = Non-inter-level travel turns spent in this place divided by the number of levels of this place that you've seen.
                   A       B       C       D       E      F
               +-------+-------+-------+-------+-------+----------------------
         Total | 100.0 | 100.0 |   0.3 |   0.0 |   0.0 | 359.7
       Dungeon | 100.0 | 100.0 |   0.3 |   0.0 |   0.0 | 359.7
               +-------+-------+-------+-------+-------+----------------------

Table legend:
 A = Kills in this place as a percentage of kills in entire the game.
 B = Kills by you in this place as a percentage of kills by you in the entire game.
 C = Kills by friends in this place as a percentage of kills by friends in the entire game.
 D = Other kills in this place as a percentage of other kills in the entire game.
 E = Experience gained in this place as a percentage of experience gained in the entire game.
 F = Experience gained in this place divided by the number of levels of this place that you have seen.
                   A       B       C       D       E      F
               +-------+-------+-------+-------+-------+----------------------
         Total | 100.0 | 100.0 | 100.0 |   N/A | 100.0 |  95.5
       Dungeon | 100.0 | 100.0 | 100.0 |   N/A | 100.0 |  95.5
               +-------+-------+-------+-------+-------+----------------------

Vault maps used:
D:1:      onia_arrival_handbag
D:2:      chequers_ecumenical_altar_simple_redux, nicolae_ru_path_of_blood
D:3:      kennysheep_big_flooded_room, gammafunk_temple_overflow_wave,
          kennysheep_generic_room_4
D:4:      nemelex_xobeh_ov_fountains_minmay, portal_sewer_entry_b, serial_shops,
          kennysheep_little_box, shop, serial_bayou_crossing, uniq_edmund
D:5:      minmay_goblin_kobold_castle, first_bread, kennysheep_generic_room_7
D:6:      lemuel_doored_altar, temple_garden, cheibrodos_ashenzari_chains,
          uniq_crazy_yiuf_cottage, uniq_eustachio
